 Dungeon Crawl Stone Soup version 0.19-a0-1365-gb34f4cb (webtiles) character file.

4710 dorian the Carver (level 10, -3/67 HPs)
             Began as a Merfolk Gladiator on Sept 2, 2016.
             Was a Believer of Uskayaw.
             Killed from afar by an orc sorcerer (29 damage)
             ... with a bolt of fire
             ... in a bailey.
             The game lasted 00:21:24 (10534 turns).

dorian the Carver (Merfolk Gladiator)              Turns: 10534, Time: 00:21:25

Health: -3/67      AC: 10    Str: 20    XL:     10   Next: 45%
Magic:  10/10      EV: 17    Int:  8    God:    Uskayaw [**....]
Gold:   814        SH:  0    Dex: 18    Spells: 0 memorised, 9 levels left

rFire  . . .     SeeInvis .     C - +1 scimitar (curse)
rCold  . . .     Gourm    .     z - +0 scale mail
rNeg   . . .     Faith    .     (no shield)
rPois  .         Spirit   .     c - +0 helmet
rElec  .         Dismiss  .     B - +0 cloak
rCorr  .         Reflect  .     y - +0 pair of gloves
MR     .....     Harm     .     l - +0 pair of boots
Stlth  ..........               H - amulet of regeneration
                                (no ring)
                                g - +5 ring of strength

@: drained
A: change form in water, swift swim, stealthy swim
a: Stomp, Line Pass, Renounce Religion


You were in a bailey.
You worshipped Uskayaw.
Uskayaw was noncommittal.
You were not hungry.

You visited 2 branches of the dungeon, and saw 10 of its levels.
You also visited: Sewer and Bailey.

You collected 814 gold pieces.

Inventory:

Hand Weapons
 a - a +1 long sword
 s - a +1 trident of venom
 C - a cursed +1 scimitar (weapon)
 D - a +1 long sword
Missiles
 h - 13 tomahawks (quivered)
 n - 3 javelins
Armour
 b - a +0 leather armour
 c - a +0 helmet (worn)
 i - a +0 chain mail
 l - a +0 pair of boots (worn)
 y - a +0 pair of gloves (worn)
 z - a +0 scale mail (worn)
 B - a +0 cloak (worn)
Jewellery
 g - a +5 ring of strength (left hand)
 r - an uncursed ring of teleportation
 H - an amulet of regeneration (around neck)
Wands
 x - a wand of iceblast (0/15)
Scrolls
 d - a scroll of vulnerability {unknown}
 e - a scroll of blinking
 k - a scroll of fog
 o - 2 scrolls of identify
 u - 5 scrolls of remove curse
 E - a scroll of recharging
 K - a scroll of amnesia {unknown}
Potions
 m - 3 potions of lignification
 p - a potion of magic {unknown}
 q - 5 potions of curing
 v - a potion of ambrosia {unknown}
 w - a potion of degeneration {unknown}
 A - a potion of cancellation {unknown}
 G - a potion of heal wounds {unknown}
 L - a potion of beneficial mutation {unknown}
Books
 j - a book of Frost

   Spells                             Type                      Level
   a - Freeze                         Ice                          1
   b - Throw Frost                    Conjuration/Ice              2
   c - Ozocubu's Armour               Charms/Ice                   3
   d - Throw Icicle                   Conjuration/Ice              4
   e - Summon Ice Beast               Ice/Summoning                4
 t - a book of the Earth

   Spells                             Type                      Level
   a - Leda's Liquefaction            Hexes/Earth                  4
   b - Bolt of Magma                  Conjuration/Fire/Earth       5
   c - Statue Form                    Transmutation/Earth          6
   d - Iron Shot                      Conjuration/Earth            6
   e - Shatter                        Earth                        9
Comestibles
 f - a bread ration
 F - 2 meat rations
 I - a beef jerky
 J - 6 chunks of flesh


   Skills:
 - Level 2.1(1.5) Fighting
 * Level 13.3(12.5) Long Blades
 - Level 2.0(1.4) Throwing
 + Level 11.7(10.9) Dodging


You had 9 spell levels left.
You didn't know any spells.

Dungeon Overview and Level Annotations

Branches:
Dungeon (9/15)             Temple (1/1) D:6
   Lair: D:8-11         Orc: D:9-12

Altars:
Ashenzari
Dithmenos
Elyvilon
Fedhas
Gozag
Kikubaaqudgha
Makhleb
Nemelex Xobeh
Okawaru
Qazlal
Ru
Sif Muna
Uskayaw
Vehumet
Xom
Yredelemnul
Zin
The Shining One


Message History

Your scale mail prevents you from hitting the kobold demonologist.
The kobold demonologist is moderately wounded.
The orc closely misses you.
You riposte.
You hit the orc.
The orc is heavily wounded.
You hit the kobold demonologist.
The kobold demonologist is heavily wounded.
The goblin barely misses you. The orc closely misses you.
You riposte.
You closely miss the orc.
The orc is heavily wounded.
Unknown command.
You barely miss the kobold demonologist.
The kobold demonologist is heavily wounded.
The orc sorcerer mumbles some strange words.
The kobold demonologist hits you but does no damage.
The goblin misses you.
You riposte.
You miss the goblin.
Unknown command.
You barely miss the orc sorcerer. The orc barely misses you.
The orc sorcerer casts a spell at you. The bolt of fire hits you!
You die...

#####''#.≈≈≈≈≈..
#....##....)#.≈≈≈≈≈..
#....##....)'........
#._..##..⌠.)'........ ##
#....##.....'........
#..#3...##.....#.≈≈≈≈≈..
#..#..5g#####''#.≈≈≈≈≈..
#??#..oo#......#.≈≈≈≈≈.#
#.5K@#......#.≈≈≈≈≈≈#
##.g.....######≈≈≈≈≈#
+.8.8.8.# #≈≈≈≈≈
#.......# #+#######


You could see a soul eater, a kobold demonologist, an orc sorcerer, a quasit, a
gnoll, a crimson imp, an orc and a goblin.

Vanquished Creatures
  Pikel (D:8)
  Maurice (D:8)
  Psyche (D:8)
  A hungry ghost (D:8)
  3 orc warriors
  An eye of draining (D:8)
  A sky beast (D:8)
  4 slaves
  5 ogres
  An ice beast (D:6)
  A necrophage (D:7)
  A centaur (D:6)
  2 big kobolds (D:3)
  Blork the orc (D:5)
  3 giant frogs
  A jelly (D:6)
  6 killer bees (D:6)
  8 wights (D:7)
  4 crimson imps
  A quasit (D:8)
  A centaur zombie (D:5)
  A centaur skeleton (D:5)
  6 orc wizards
  2 hounds
  3 orc priests
  Jessica (D:3)
  3 iguanas
  5 worker ants
  A hound skeleton (D:7)
  12 gnolls
  11 adders
  A river rat (D:6)
  A shadow imp (D:7)
  13 oozes
  An adder skeleton (D:4)
  4 worms
  2 dart slugs
  20 giant geckos
  27 orcs
  12 ball pythons
  10 giant cockroaches
  31 goblins
  27 hobgoblins
  5 jackals
  A quokka (D:9)
  3 bats
  A giant gecko zombie (D:6)
  14 giant newts
  8 kobolds
  6 rats
280 creatures vanquished.

Notes
Turn   | Place    | Note
-------+----------+-------------------------------------------
     0 | D:1      | dorian the Merfolk Gladiator began the quest for the Orb.
     0 | D:1      | Reached XP level 1. HP: 16/16 MP: 1/1
    95 | D:1      | Reached XP level 2. HP: 22/22 MP: 2/2
   294 | D:1      | Reached skill level 4 in Long Blades
   844 | D:2      | Reached XP level 3. HP: 13/27 MP: 3/3
  1582 | D:3      | Reached XP level 4. HP: 33/33 MP: 4/4
  2266 | D:3      | Reached skill level 5 in Dodging
  2286 | D:3      | Reached skill level 5 in Long Blades
  2515 | D:3      | Reached XP level 5. HP: 11/38 MP: 5/5
  2987 | D:3      | Reached skill level 6 in Long Blades
  3301 | D:3      | Reached XP level 6. HP: 31/44 MP: 6/6
  3441 | D:3      | Noticed Jessica
  3447 | D:3      | Killed Jessica
  3808 | D:3      | Reached skill level 7 in Long Blades
  3814 | D:3      | Reached XP level 7. HP: 13/50 MP: 7/7
  4983 | D:5      | Entered Level 5 of the Dungeon
  5205 | D:5      | Noticed Blork the orc
  5223 | D:5      | Killed Blork the orc
  5223 | D:5      | Reached skill level 8 in Long Blades
  5351 | D:5      | You fall through a shaft for 3 floors!
  5392 | D:8      | Reached XP level 8. HP: 21/56 MP: 8/8
  5413 | D:8      | Reached skill level 9 in Long Blades
  6035 | D:6      | Found a staircase to the Ecumenical Temple.
  6057 | D:6      | Reached skill level 10 in Long Blades
  6313 | D:6      | Reached XP level 9. HP: 33/61 MP: 9/9
  6370 | D:6      | Found a glowing drain.
  6395 | Sewer    | Entered a sewer
  6737 | Sewer    | Reached skill level 11 in Long Blades
  8001 | Temple   | Entered the Ecumenical Temple
  8107 | Temple   | Became a worshipper of Uskayaw the Reveler
  8247 | D:7      | Reached * piety under Uskayaw
  8249 | D:7      | Reached skill level 10 in Dodging
  8279 | D:7      | Reached ** piety under Uskayaw
  8283 | D:7      | Reached *** piety under Uskayaw
  8304 | D:7      | Reached **** piety under Uskayaw
  8312 | D:7      | Reached ***** piety under Uskayaw
  8808 | D:7      | Reached skill level 12 in Long Blades
  9037 | D:8      | Noticed Psyche
  9048 | D:8      | Noticed Pikel
  9049 | D:8      | Noticed Maurice
  9221 | D:8      | Killed Pikel
  9221 | D:8      | Reached XP level 10. HP: 10/67 MP: 10/10
  9600 | D:8      | Killed Psyche
  9663 | D:8      | Killed Maurice
  9663 | D:8      | Reached skill level 13 in Long Blades
 10311 | D:9      | Found a flagged portal.
 10329 | Bailey   | Entered a bailey
 10519 | Bailey   | Found an iron altar of Okawaru.
 10519 | Bailey   | Noticed an orc sorcerer
 10519 | Bailey   | Noticed a kobold demonologist
 10534 | Bailey   | Noticed a soul eater
 10534 | Bailey   | Killed from afar by an orc sorcerer

Vault maps used:
D:1:      dpeg_arrival_erosion, minmay_misc_feat_enclosed, serial_park_tiny_2,
          hangedman_decor_points, minivault_19, kennysheep_nondescript
D:3:      minmay_goblin_kobold_castle, hangedman_decor_peaks_small, uniq_jessica
D:4:      first_bread
D:5:      uniq_blork_the_orc
D:6:      portal_sewer_entry_b
D:8:      uniq_pikel, uniq_psyche, uniq_maurice
D:9:      enter_bailey_2, serial_shops, nicolae_shop_stone,
          hangedman_pestilent_swarm
Temple:   kilobyte_greek_temple
Sewer:    sewer_frog_island_02
Bailey:   bailey_axe_of_yendor_kennysheep, bailey

Skill      XL: |  1  2  3  4  5  6  7  8  9 10 |
---------------+-------------------------------+-----
Long Blades    | 4 5 6 7 8 10 12 13 | 13.3
Dodging        | 5 6 7 9 11 | 11.7
Fighting       | |  2.1
Throwing       | |  2.0

Action                   |  1- 3 |  4- 6 |  7- 9 | 10-12 || total
-------------------------+-------+-------+-------+-------++-------
Melee: Long sword        |   102 |   287 |   543 |       ||   932
       Trident           |       |       |    19 |       ||    19
       Scimitar          |       |       |   135 |   103 ||   238
       Tailslap          |       |       |     8 |       ||     8
Throw: Throwing net      |     4 |       |     4 |       ||     8
       Javelin           |       |       |     1 |       ||     1
       Tomahawk          |       |       |       |    14 ||    14
Evoke: Wand              |       |       |     1 |     2 ||     3
  Use: Potion            |       |     2 |     6 |       ||     8
       Scroll            |       |       |     9 |     1 ||    10
 Stab: Held in net/web   |     2 |       |       |       ||     2
       Paralysed         |       |       |     4 |     5 ||     9
       Sleeping          |       |       |     1 |       ||     1
  Eat: Chunk             |     2 |     7 |    13 |     3 ||    25
       Bread ration      |       |       |     2 |       ||     2
Armor: Leather armour    |    15 |       |       |       ||    15
       Chain mail        |    27 |   155 |    34 |       ||   216
       Skin              |       |    11 |     6 |       ||    17
       Scale mail        |       |       |   109 |    13 ||   122
Dodge: Dodged            |    49 |   118 |   359 |    62 ||   588
